 Dungeon Crawl Stone Soup version 0.20.0-15-g7f486f2 (webtiles) character file.

206132 zhorgal the Bludgeoner (level 18, -5/120 HPs)
             Began as a Gargoyle Fighter on June 21, 2017.
             Was the Champion of Trog.
             Hit by a javelin thrown by a merfolk javelineer (15 damage)
             ... on level 4 of the Shoals on June 22, 2017.
             The game lasted 03:21:05 (37480 turns).

zhorgal the Bludgeoner (Gargoyle Fighter)          Turns: 37480, Time: 03:21:05

Health: -5/120     AC: 37    Str: 30    XL:     18   Next: 70%
Magic:  27/27      EV:  9    Int: 13    God:    Trog [******]
Gold:   640        SH: 13    Dex:  9    Spells: 17/17 levels left

rFire    + . .     SeeInvis +   J - +4 morningstar (freeze)
rCold    . . .     Gourm    .   C - +3 shield
rNeg     + . .     Faith    .   M - +1 chain mail of Agoraphobia {rF+ MR+}
rPois    ∞         Spirit   .   m - +2 helmet {SInv}
rElec    +         Reflect  .   v - +1 cloak {+Inv}
rCorr    +         Harm     .   i - +0 pair of gloves
MR       +++++                  w - +0 pair of boots
Stlth    ..........             (no amulet)
Regen    1.3/turn               p - ring "Heijig" {Str+4 Int+2 Slay+6}
MPRegen  0.2/turn               N - ring of Ilubbush {rCorr *Drain +Blink rElec MR+}

@: berserk cooldown, flying, regenerating, slowed, very slow
A: big wings, negative energy resistance 1, electricity resistance, unbreathing,
petrification resistance, rot immunity, AC +13
}: 1/15 runes: barnacled
a: Stop Flying, Berserk, Trog's Hand, Brothers in Arms, Burn Spellbooks,
Renounce Religion, Evoke Blink, Evoke Invisibility


You were on level 4 of the Shoals.
You worshipped Trog.
Trog was exalted by your worship.
You were hungry.

You visited 5 branches of the dungeon, and saw 28 of its levels.

You collected 2718 gold pieces.
You spent 2078 gold pieces at shops.

Inventory:

Hand Weapons
 J - a +4 morningstar of freezing (weapon)
Missiles
 c - 2 steel javelins
 H - 41 tomahawks
 K - 31 javelins
 L - 2 exploding tomahawks (quivered)
 U - 4 javelins of returning
 W - 5 throwing nets {!f}
 Y - 27 poisoned javelins
Armour
 e - a +1 cloak of magic resistance
 i - a +0 pair of gloves (worn)
 m - a +2 helmet of see invisible (worn)
 v - a +1 cloak of invisibility (worn)
 w - a +0 pair of boots (worn)
 C - a +3 shield (worn)
 M - the +1 chain mail of Agoraphobia (worn) {rF+ MR+}
   (You found it on level 8 of the Dungeon)

   It protects you from fire.
   It affects your resistance to hostile enchantments.
 P - a +2 hat of magic resistance
Jewellery
 p - the ring "Heijig" (left hand) {Str+4 Int+2 Slay+6}
   (You found it on level 9 of the Dungeon)

   [ring of intelligence]

   It affects your strength (+4).
   It affects your intelligence (+2).
   It affects your accuracy and damage with ranged weapons and melee attacks
   (+6).
 N - the ring of Ilubbush (right hand) {rCorr *Drain +Blink rElec MR+}
   (You found it on level 6 of the Lair of Beasts)

   [ring of resist corrosion]

   It insulates you from electricity.
   It affects your resistance to hostile enchantments.
   It lets you blink.
   It causes draining when unequipped.
 Z - an uncursed amulet of faith {!P}
Wands
 j - a wand of acid (4/15)
 D - a wand of scattershot (6/9)
 E - a wand of digging (21/24)
 G - a wand of flame (13/48)
 X - a wand of confusion (24/48)
Scrolls
 f - a scroll of recharging
 l - 16 scrolls of remove curse
 o - 2 scrolls of blinking
 r - 2 scrolls of fear
 s - 3 scrolls of immolation
 t - 4 scrolls of teleportation
 u - 6 scrolls of fog
 y - 2 scrolls of magic mapping
 I - 2 scrolls of enchant weapon
 T - 3 scrolls of identify
Potions
 b - 4 potions of heal wounds
 n - 18 potions of curing
 q - 8 potions of might
 x - 3 potions of ambrosia
 z - 6 potions of resistance
 A - 7 potions of cancellation
 F - a potion of berserk rage
 Q - a potion of invisibility
 R - 7 potions of haste
 S - 3 potions of mutation {!q}
 V - 3 potions of agility
Miscellaneous
 d - a box of beasts
 g - a fan of gales
 B - a phantom mirror
Comestibles
 O - 25 fruits


   Skills:
 + Level 16.2 Fighting
 + Level 19.8 Maces & Flails
 - Level 15.4 Armour
 + Level 4.7 Dodging
 - Level 3.2 Shields
 + Level 13.2 Evocations


You had 17 spell levels left.
You didn't know any spells.

Dungeon Overview and Level Annotations

Branches:
Dungeon (15/15)            Temple (1/1) D:5            Lair (6/6) D:11
 Shoals (4/4) Lair:3       Spider (0/4) Lair:4        Slime (0/5) Lair:6
    Orc (2/2) D:12            Elf (0/3) Orc:2        Vaults (0/5) D:14
 Depths (0/5) D:15

Altars:
Ashenzari
Cheibriados
Dithmenos
Elyvilon
Fedhas
Gozag
Hepliaklqana
Kikubaaqudgha
Makhleb
Nemelex Xobeh
Okawaru
Qazlal
Ru
Sif Muna
Trog
Uskayaw
Vehumet
Xom
Yredelemnul
Zin
The Shining One
Beogh
Jiyva

Shops:
D:6 *!   D:9 *   D:11 !   Orc:2 ([(=

Portals:
Trove: D:14 (give 17 scrolls of teleportation)

Annotations:
D:3 dvd's ghost, weakling TrBe
D:8 Prince Ribbit
Shoals:1 exclusion: 2 oklob plants


Innate Abilities, Weirdness & Mutations

You are resistant to torment.
Your stone body is resilient. (AC +13)
You are immune to poison.
Your large and strong wings let you fly indefinitely.
You resist negative energy. (rN+)
You are resistant to electric shocks. (rElec)
You can survive without breathing.
You are immune to petrification.
You are immune to rotting.


Message History

You feel a strong urge to attack something.
Items here: ( )) † an uncursed quarterstaff; an uncursed hunting sling; 9 stones; a faun corpse The merfolk shouts!
The merfolk javelineer throws a javelin.
The javelin hits you!
* * * LOW HITPOINT WARNING * * *
You see here a javelin.
You feel your anger subside.
You are no longer berserk.
You are exhausted.
You feel yourself slow down.
The merfolk javelineer throws a javelin.
The javelin hits you but does no damage.
You hear a splash.
Things that are here:
a javelin; a stone You see here a stone.
The merfolk javelineer throws a javelin.
The javelin hits you!
You die...

..≈≈≈≈≈..≈##≈≈≈##(...........≈≈≈#
..≈≈≈≈≈≈≈≈≈#####((....(.....≈≈≈≈≈
.≈.....≈≈≈≈≈..)(().........≈≈≈≈≈≈
...≈≈..≈≈)..m...(≈........≈≈≈≈≈≈≈
...≈...≈≈≈....()((≈......≈≈≈≈≈≈≈≈
.......≈≈m....()((.......≈≈≈≈≈≈..
.......≈≈≈#####((≈≈......≈≈≈≈....
..).....≈##≈≈≈##(.≈......≈≈≈≈....
.....≈≈..#≈≈≈≈≈#@........#####...
....≈≈≈≈))≈≈[≈)#(.......##≈≈≈##..
....≈≈≈≈)#≈≈≈≈.#).......#≈≈≈≈≈#≈.
....≈≈≈≈≈##...##.......))≈≈≈≈≈#≈.
.....≈≈≈≈≈#####........)#≈≈≈≈≈#≈.
.....≈≈≈≈≈(≈≈≈≈.........##≈)≈##≈.
.....≈≈≈≈≈≈≈≈≈≈..........#####≈≈.
....(≈≈≈≈≈≈(≈≈...................
....≈≈≈≈≈≈≈≈≈≈≈≈≈≈≈≈≈≈≈≈.........


You could see a merfolk javelineer.

Vanquished Creatures
  Nikola (Shoals:2)
  Kirke (Shoals:1)
  A kraken (Shoals:1)
  Gastronok (D:8)
  Polyphemus (Shoals:2)
  Ilsuiw (Shoals:4)
  2 orc warlords (Orc:2)
  Louise (D:14)
  The ghost of feelmyfire the Severer, a journeyman HOBe of Trog (Lair:4)
  Aizul (Shoals:3)
  An ettin (D:15)
  Snorg (D:14)
  4 merfolk javelineers (Shoals:4)
  7 merfolk impalers
  An ogre mage (D:12)
  Josephine (Shoals:1)
  Harold (Lair:2)
  8 vault guards (D:14)
  A fire dragon (D:14)
  An ice dragon (Lair:6)
  10 hydras
  2 merfolk avatars (Shoals:4)
  5 centaur warriors
  4 catoblepae
  An alligator snapping turtle (Shoals:2)
  11 two-headed ogres
  5 merfolk aquamancers
  A death knight (D:15)
  A tengu warrior (D:14)
  Urug (Lair:2)
  4 satyrs
  3 death yaks
  4 orc high priests (Orc:2)
  A deep elf knight (D:15)
  A fire crab (Lair:6)
  5 skeletal warriors (D:14)
  11 sea snakes
  2 unseen horrors
  A wolf spider zombie (D:15)
  A deep troll (D:15)
  Pikel (D:4)
  An obsidian statue (D:15)
  5 lindwurms
  10 orc knights
  7 orc sorcerers
  16 harpies
  15 fauns
  4 cyclopes
  2 deep elf magi (D:14)
  23 ugly things
  16 manticores
  9 elephants
  11 merfolk sirens
  5 orange demons (D:15)
  Joseph (D:8)
  A black mamba (Lair:6)
  11 torpor snails
  4 water nymphs
  9 spiny frogs
  4 rime drakes
  4 gargoyles
  18 komodo dragons
  A kobold demonologist (D:15)
  An efreet (D:14)
  A freezing wraith (D:14)
  2 guardian mummies (D:14)
  A red devil (D:15)
  2 polar bears
  30 merfolk
  A queen bee (Lair:3)
  11 trolls
  A polar bear (shapeshifter) (D:14)
  26 blink frogs
  3 tyrant leeches (Lair:6)
  6 wind drakes
  9 dream sheep
  8 hornets
  18 hippogriffs
  8 slime creatures (D:14)
  9 snapping turtles
  3 shadows
  12 water elementals
  Sigmund (D:5)
  4 wyverns (Lair:3)
  6 wraiths
  3 hogs (Shoals:1)
  31 yaks
  A yak (shapeshifter) (D:14)
  4 hungry ghosts
  7 basilisks
  5 vampire mosquitoes
  5 wargs (Orc:2)
  2 soldier ants (D:8)
  An acid dragon (D:14)
  13 water moccasins
  5 porcupines
  41 orc warriors
  4 ice beasts
  6 black bears
  3 sky beasts
  3 slaves (D:4)
  3 phantoms
  A necrophage (D:9)
  10 wolves
  A hornet zombie (D:10)
  19 ogres
  30 centaurs
  23 crocodiles
  4 big kobolds
  Blork the orc (D:6)
  24 bullfrogs
  A wyvern zombie (D:10)
  2 wyvern skeletons
  A water moccasin skeleton (D:8)
  6 scorpions
  36 killer bees
  18 wights
  4 howler monkeys
  8 centaur zombies
  8 crimson imps
  2 bullfrog zombies
  5 jellies
  A gnoll shaman (D:6)
  2 bullfrog skeletons (D:12)
  5 centaur skeletons
  10 hounds
  30 orc priests
  3 iguanas
  Natasha (thrice) (D:2)
  32 orc wizards
  A hell rat (Lair:6)
  11 worker ants
  A hound skeleton (D:6)
  12 adders
  19 gnolls
  A river rat (Lair:3)
  6 shadow imps
  An adder zombie (D:6)
  2 adder skeletons
  7 worms
  5 dart slugs
  6 leopard geckos
  113 orcs
  A ball python (D:5)
  6 giant cockroaches
  9 goblins
  7 hobgoblins
  12 jackals
  3 quokkas
  10 bats
  4 frilled lizards
  24 kobolds
  A leopard gecko skeleton (D:4)
  5 rats
  4 tentacles (Shoals:1)
1150 creatures vanquished.

Vanquished Creatures (others)
  A human (Shoals:2)
  An orc priest (D:14)
  33 fungi
  31 plants
  6 tentacles (Shoals:1)
72 creatures vanquished.

Grand Total: 1222 creatures vanquished

Notes
Turn   | Place    | Note
-------+----------+-------------------------------------------
     0 | D:1      | zhorgal the Gargoyle Fighter began the quest for the Orb.
     0 | D:1      | Reached XP level 1. HP: 14/14 MP: 1/1
    97 | D:1      | Reached XP level 2. HP: 11/19 MP: 2/2
   371 | D:1      | Reached skill level 3 in Maces & Flails
   654 | D:1      | Reached XP level 3. HP: 20/23 MP: 3/3
  1146 | D:2      | Noticed Natasha
  1163 | D:2      | Killed Natasha
  1163 | D:2      | Reached skill level 4 in Maces & Flails
  1163 | D:2      | Reached XP level 4. HP: 10/28 MP: 4/4
  1489 | D:2      | Noticed Natasha
  1504 | D:2      | Killed Natasha
  1843 | D:2      | Noticed Natasha
  1869 | D:2      | Killed Natasha
  1869 | D:2      | Reached skill level 5 in Maces & Flails
  1869 | D:2      | Reached XP level 5. HP: 32/32 MP: 5/5
  2622 | D:3      | Reached XP level 6. HP: 38/38 MP: 6/6
  2674 | D:3      | Noticed dvd's ghost (weakling TrBe)
  3339 | D:4      | Found a shimmering altar of Xom.
  3549 | D:4      | Noticed a phantom
  3573 | D:4      | Killed a phantom
  3573 | D:4      | Reached skill level 6 in Maces & Flails
  3697 | D:5      | Entered Level 5 of the Dungeon
  3705 | D:5      | Noticed Pikel
  3705 | D:5      | Noticed a slave
  3705 | D:5      | Noticed a slave
  3706 | D:5      | Noticed a slave
  3706 | D:5      | Noticed a slave
  3731 | D:4      | Killed a slave
  3743 | D:4      | Killed a slave
  3784 | D:5      | Reached XP level 7. HP: 34/44 MP: 7/7
  4031 | D:5      | Noticed Sigmund
  4058 | D:5      | Killed Sigmund
  4058 | D:5      | Reached skill level 5 in Fighting
  4081 | D:5      | Reached skill level 7 in Maces & Flails
  4088 | D:5      | Noticed Blork the orc
  4090 | D:5      | Reached skill level 5 in Armour
  4262 | D:6      | Killed Blork the orc
  4262 | D:6      | Reached XP level 8. HP: 50/50 MP: 8/8
  4913 | D:4      | Killed Pikel
  4913 | D:4      | Reached skill level 8 in Maces & Flails
  5074 | D:5      | Reached XP level 9. HP: 56/56 MP: 9/9
  5097 | D:5      | Found a staircase to the Ecumenical Temple.
  5106 | Temple   | Entered the Ecumenical Temple
  5651 | Temple   | Became a worshipper of Trog the Wrathful
  5747 | D:6      | Reached skill level 9 in Maces & Flails
  5790 | D:6      | Found Olineor's Distillery.
  5811 | D:6      | Bought a potion of heal wounds for 75 gold pieces
  5811 | D:6      | Bought a potion of curing for 45 gold pieces
  6295 | D:6      | Found a radiant altar of Vehumet.
  6453 | D:6      | Reached * piety under Trog
  6631 | D:6      | Found a sacrificial altar of Ru.
  6810 | D:6      | Found Cunla's Assorted Antiques.
  7488 | D:7      | Reached skill level 10 in Maces & Flails
  7786 | D:7      | Reached ** piety under Trog
  7994 | D:7      | Found a stormy altar of Qazlal.
  8324 | D:8      | Reached XP level 10. HP: 43/64 MP: 10/10
  8591 | D:8      | Reached skill level 11 in Maces & Flails
  8624 | D:8      | Noticed a two-headed ogre
  8635 | D:8      | Killed a two-headed ogre
  8764 | D:8      | Noticed Prince Ribbit
  8794 | D:8      | Found a glowing golden altar of the Shining One.
  8812 | D:8      | Noticed a two-headed ogre
  8824 | D:8      | Killed a two-headed ogre
  8943 | D:8      | Got a steaming chain mail
  9212 | D:8      | Reached skill level 12 in Maces & Flails
  9434 | D:8      | Reached *** piety under Trog
  9485 | D:8      | Noticed Gastronok
  9496 | D:8      | Noticed Joseph
  9509 | D:8      | Killed Gastronok
  9509 | D:8      | Reached XP level 11. HP: 71/71 MP: 11/11
  9520 | D:8      | Killed Joseph
  9643 | D:8      | Identified the +1 chain mail of Agoraphobia {rF+ MR+} (You found it on level 8 of the Dungeon)
  9958 | D:9      | Found Boczam's Assorted Antiques.
  9964 | D:9      | Noticed a two-headed ogre
  9976 | D:9      | Killed a two-headed ogre
 10025 | D:9      | Noticed a two-headed ogre
 10172 | D:9      | Killed a two-headed ogre
 10172 | D:9      | Reached skill level 10 in Fighting
 10172 | D:9      | Reached skill level 13 in Maces & Flails
 10288 | D:9      | Got a twitching pewter ring
 10289 | D:9      | Identified the ring "Heijig" {Str+4 Int+2 Slay+6} (You found it on level 9 of the Dungeon)
 10398 | D:9      | Noticed a two-headed ogre
 10411 | D:9      | Killed a two-headed ogre
 10411 | D:9      | Reached skill level 10 in Armour
 10587 | D:9      | Noticed a two-headed ogre
 10597 | D:9      | Killed a two-headed ogre
 10760 | D:10     | Entered Level 10 of the Dungeon
 11397 | D:10     | Reached **** piety under Trog
 11397 | D:10     | Reached XP level 12. HP: 78/78 MP: 12/12
 11961 | D:11     | Reached skill level 14 in Maces & Flails
 12116 | D:11     | Found Wete's Distillery.
 12137 | D:11     | Received a gift from Trog
 12253 | D:11     | Found a staircase to the Lair.
 12259 | D:11     | Found a blossoming altar of Fedhas.
 12608 | D:11     | Received a gift from Trog
 12941 | Lair:1   | Entered Level 1 of the Lair of Beasts
 13200 | Lair:1   | Reached ***** piety under Trog
 13418 | Lair:1   | Identified a scroll of acquirement
 13565 | Lair:1   | Reached skill level 15 in Maces & Flails
 14089 | Lair:2   | Noticed Urug
 14102 | Lair:2   | Killed Urug
 14102 | Lair:2   | Reached skill level 1 in Evocations
 14102 | Lair:2   | Reached XP level 13. HP: 84/84 MP: 13/13
 14107 | Lair:2   | Noticed Harold
 14119 | Lair:2   | Killed Harold
 14119 | Lair:2   | Received a gift from Trog
 14859 | Lair:2   | You fall through a shaft!
 15022 | Lair:2   | Found a snail-covered altar of Cheibriados.
 15578 | Lair:3   | Got a faintly glowing hand axe
 15626 | Lair:3   | Got a heavily runed cloak
 15637 | Lair:3   | Identified the -5 cloak of Inviolability {rElec rF- rCorr Dex-3} (You acquired it on level 3 of the Lair of Beasts)
 15982 | Lair:3   | Identified the cursed +0 hand axe "Hellblazer" {protect, rN+} (You found it on level 3 of the Lair of Beasts)
 16225 | Lair:3   | Found a staircase to the Shoals.
 16354 | Lair:3   | Reached skill level 16 in Maces & Flails
 16764 | Lair:4   | Found a hole to the Spider Nest.
 16797 | Lair:4   | Noticed feelmyfire's ghost (journeyman HOBe)
 16860 | Lair:4   | Killed feelmyfire's ghost
 16860 | Lair:4   | Reached skill level 5 in Evocations
 17051 | Lair:4   | Gained mutation: Your large and strong wings let you fly indefinitely. [Gargoyle growth]
 17051 | Lair:4   | Reached XP level 14. HP: 81/92 MP: 16/18
 18331 | Lair:6   | Entered Level 6 of the Lair of Beasts
 18386 | Lair:6   | Found a staircase to the Slime Pits.
 18387 | Lair:6   | Found a viscous altar of Jiyva.
 18555 | Lair:6   | Reached skill level 17 in Maces & Flails
 19121 | Lair:6   | Received a gift from Trog
 19389 | Lair:6   | Reached ****** piety under Trog
 19395 | Lair:6   | Found a runed door.
 20182 | Lair:6   | Reached XP level 15. HP: 96/96 MP: 21/21
 20376 | Lair:6   | Identified the ring of Ilubbush {rCorr *Drain +Blink rElec MR+} (You found it on level 6 of the Lair of Beasts)
 21117 | D:12     | Received a gift from Trog
 21398 | D:12     | Reached skill level 18 in Maces & Flails
 21410 | D:12     | Found a staircase to the Orcish Mines.
 22361 | Orc:1    | Entered Level 1 of the Orcish Mines
 22567 | Orc:2    | Entered Level 2 of the Orcish Mines
 23048 | Orc:2    | Found a roughly hewn altar of Beogh.
 23091 | Orc:2    | Reached skill level 10 in Evocations
 23154 | Orc:2    | Received a gift from Trog
 23429 | Orc:2    | Identified the cursed +3 hand axe "Doomob" {chop, rElec rC++} (You found it on level 2 of the Orcish Mines)
 23746 | Orc:2    | Found a staircase to the Elven Halls.
 23959 | Orc:2    | Noticed an orc warlord
 24141 | Orc:2    | Killed an orc warlord
 24411 | Orc:2    | Found a roughly hewn altar of Beogh.
 24456 | Orc:2    | Received a gift from Trog
 24477 | Orc:2    | Identified the +8 halberd of Dissolution {freeze, rN+ Str+2 Int-5} (Trog gifted it to you on level 2 of the Orcish Mines)
 24547 | Orc:2    | Found Riurec's Antique Armour Shop.
 24730 | Orc:2    | Found Tiboh's Antique Weapon Boutique.
 24903 | Orc:2    | Noticed an orc warlord
 25116 | Orc:2    | Found Ceus's Weapon Shoppe.
 25128 | Orc:2    | Found Neklam's Jewellery Emporium.
 25163 | Orc:2    | Killed an orc warlord
 25318 | D:11     | Bought 2 potions of might for 96 gold pieces
 25318 | D:11     | Bought a potion of haste for 120 gold pieces
 25318 | D:11     | Bought 2 potions of cancellation for 192 gold pieces
 25318 | D:11     | Bought a potion of mutation for 96 gold pieces
 25318 | D:11     | Bought a potion of haste for 120 gold pieces
 25318 | D:11     | Bought a potion of resistance for 120 gold pieces
 25318 | D:11     | Bought a potion of heal wounds for 60 gold pieces
 25318 | D:11     | Bought 2 potions of curing for 72 gold pieces
 25318 | D:11     | Bought a potion of might for 48 gold pieces
 25418 | D:9      | Bought a potion of haste for 200 gold pieces
 25418 | D:9      | Bought a potion of heal wounds for 100 gold pieces
 25418 | D:9      | Bought a scroll labeled SIUX JELULUNT for 20 gold pieces
 25515 | D:6      | Bought a fuming sapphire potion for 21 gold pieces
 25515 | D:6      | Bought a scroll of teleportation for 72 gold pieces
 25515 | D:6      | Bought a scroll of fog for 48 gold pieces
 25540 | D:6      | Bought a potion of might for 60 gold pieces
 25540 | D:6      | Bought a potion of invisibility for 120 gold pieces
 25540 | D:6      | Bought a potion of curing for 45 gold pieces
 25540 | D:6      | Bought a potion of resistance for 150 gold pieces
 25731 | D:13     | Reached XP level 16. HP: 95/104 MP: 23/23
 26081 | D:13     | Received a gift from Trog
 26712 | D:14     | Noticed Louise
 26747 | D:14     | Killed Louise
 27154 | D:14     | Received a gift from Trog
 27252 | D:14     | Noticed Snorg
 27262 | D:14     | Killed Snorg
 27680 | D:14     | Found a gate to the Vaults.
 27903 | D:14     | Found a portal to a secret trove of treasure.
 28663 | D:15     | Entered Level 15 of the Dungeon
 29097 | D:15     | Reached XP level 17. HP: 92/112 MP: 25/25
 29254 | D:15     | Reached skill level 19 in Maces & Flails
 29272 | D:15     | Received a gift from Trog
 29789 | D:15     | Found a staircase to the Depths.
 29927 | D:15     | Identified the cursed +0 pair of boots of the Crypt {rPois rC- Regen+ Str+6} (You found it on level 15 of the Dungeon)
 30531 | Orc:2    | Bought a crystal dire flail for 198 gold pieces
 30531 | Orc:2    | Identified the +4 dire flail "Jokats" {distort, *Drain Str+3 Int+3} (You bought it in a shop on level 2 of the Orcish Mines)
 30634 | D:11     | Reached skill level 15 in Armour
 30688 | Shoals:1 | Entered Level 1 of the Shoals
 30782 | Shoals:1 | Noticed a kraken
 30807 | Shoals:1 | Killed a kraken
 30905 | Shoals:1 | Noticed Josephine
 30916 | Shoals:1 | Killed Josephine
 31316 | Shoals:1 | Received a gift from Trog
 31473 | Shoals:1 | Noticed Kirke
 31485 | Shoals:1 | Killed Kirke
 32260 | Shoals:2 | Noticed Polyphemus
 32269 | Shoals:2 | Killed Polyphemus
 32269 | Shoals:2 | Reached skill level 15 in Fighting
 32685 | Shoals:2 | Noticed Nikola
 32813 | Shoals:2 | Reached skill level 1 in Dodging
 33199 | Shoals:2 | Killed Nikola
 34187 | Shoals:3 | Reached XP level 18. HP: 80/119 MP: 27/27
 34462 | Shoals:3 | Noticed Aizul
 34496 | Shoals:3 | Killed Aizul
 35241 | Shoals:4 | Entered Level 4 of the Shoals
 36095 | Shoals:4 | Noticed Ilsuiw
 36114 | Shoals:4 | Killed Ilsuiw
 36117 | Shoals:4 | Received a gift from Trog
 37137 | Shoals:4 | Got a barnacled rune of Zot
 37477 | Shoals:4 | HP: 8/180 [merfolk javelineer/javelin (15)]
 37480 | Shoals:4 | Hit by a javelin thrown by a merfolk javelineer

Skill      XL: |  1  2  3  4  5  6  7  8  9 10 11 12 13 14 15 16 17 18 |
---------------+-------------------------------------------------------+-----
Maces & Flails | 3 4 5 6 7 8 10 12 13 15 16 17 18 19 | 19.8
Fighting       | 4 5 6 7 9 10 11 12 13 14 15 16 | 16.2
Armour         | 4 5 6 7 9 10 11 12 13 14 15 | 15.4
Evocations     | 1 5 9 10 11 12 13 | 13.2
Dodging        | 2 4 |  4.7
Shields        | |  3.2

Action                   |  1- 3 |  4- 6 |  7- 9 | 10-12 | 13-15 | 16-18 || total
-------------------------+-------+-------+-------+-------+-------+-------++-------
Melee: Flail             |   144 |   347 |   526 |   265 |       |       ||  1282
       Unarmed           |       |       |     8 |       |       |    40 ||    48
       Morningstar       |       |       |       |   416 |  1311 |  1331 ||  3058
Throw: Stone             |       |       |     6 |       |       |       ||     6
       Tomahawk          |       |       |       |     1 |       |       ||     1
Invok: Berserk           |       |       |     2 |    14 |     4 |     5 ||    25
       Burn Spellbooks   |       |       |       |     2 |     3 |     5 ||    10
       Trog's Hand       |       |       |       |       |     3 |     9 ||    12
 Abil: Fly               |       |       |       |       |     1 |     2 ||     3
       Stop Flying       |       |       |       |       |       |     2 ||     2
Evoke: Wand              |       |       |       |       |     2 |       ||     2
  Use: Potion            |       |       |     3 |       |     1 |     3 ||     7
       Scroll            |       |       |       |    22 |    15 |    10 ||    47
 Stab: Petrified         |       |       |       |       |     3 |       ||     3
       Petrifying        |       |       |       |       |     2 |       ||     2
  Eat: Chunk             |     1 |     9 |    17 |    32 |    44 |    41 ||   144
       Fruit             |       |       |     1 |     2 |       |     7 ||    10
       Royal jelly       |       |       |     1 |       |       |       ||     1
Armor: Scale mail        |    21 |       |       |       |       |       ||    21
       Plate armour      |    83 |   249 |   300 |   146 |       |       ||   778
       Skin              |       |       |     2 |       |       |       ||     2
       Chain mail        |       |       |       |   189 |   615 |   827 ||  1631
Dodge: Dodged            |    18 |    49 |    73 |   118 |   210 |   316 ||   784
Block: Shield            |    79 |   171 |   189 |   335 |   728 |   876 ||  2378
